 Dungeon Crawl Stone Soup version 0.28-a0-178-ga708605c5b (webtiles) character file.

Game seed: 12003145957145122734

68 Ezendos the Skirmisher (level 4, 0/49 HPs)
             Began as an Ogre Brigand on Aug 17, 2021.
             Slain by a dart slug (3 damage)
             ... on level 2 of the Dungeon.
             The game lasted 00:01:50 (1217 turns).

Ezendos the Skirmisher (Ogre Brigand)               Turns: 1217, Time: 00:01:51

Health: 0/49       AC:  4    Str: 15    XL:     4   Next: 19%
Magic:  4/4        EV:  9    Int: 12    God:
Gold:   86         SH:  5    Dex: 11    Spells: 3/3 levels left

rFire   . . .      SeeInvis .   m - +1 dagger (venom)
rCold   . . .      Faith    .   (no shield)
rNeg    . . .      Spirit   .   b - +0 robe
rPois   .          Reflect  +   (helmet restricted)
rElec   .          Harm     .   c - +0 cloak
rCorr   .          Rampage  .   (gloves unavailable)
Will    .....                   (boots unavailable)
Stlth   ++........              i - amulet of reflection
HPRegen 0.16/turn               (no ring)
MPRegen 0.09/turn               (no ring)

@: no status effects
A: large, unfitting armour, tough skin 1
a: no special abilities


You were on level 2 of the Dungeon.
You visited 1 branch of the dungeon, and saw 2 of its levels.

You collected 86 gold pieces.

Inventory:

Hand Weapons
 f - a +0 spear
 m - a +1 dagger of venom (weapon)
Missiles
 d - 8 poisoned darts (quivered)
 e - 2 curare-tipped darts
 n - a throwing net
Armour
 b - a +0 robe (worn)
 c - a +0 cloak (worn)
Jewellery
 i - an amulet of reflection (around neck)
Scrolls
 a - 2 scrolls of enchant armour {unknown}
 h - a scroll of fog {unknown}
 j - a scroll of fear {unknown}
 k - 2 scrolls of vulnerability {unknown}
 l - 2 scrolls of teleportation {unknown}
Potions
 g - a potion of degeneration {unknown}


   Skills:
 + Level 4.9 Fighting
 - Level 1.7 Short Blades
 - Level 2.0 Polearms
 - Level 2.0 Throwing
 - Level 0.8 Dodging
 - Level 3.0 Stealth


You had 3 spell levels left.
You didn't know any spells.
Your spell library was empty.

Dungeon Overview and Level Annotations

Branches:
Dungeon (2/15)

Altars:


Innate Abilities, Weirdness & Mutations

You are too large for most types of armour.
You have tough skin. (AC +1)


Message History

Unknown command.
No target in view!
No target in view!
No target in view!
The gnoll shouts!
You hit the gnoll.
The gnoll is poisoned.
The gnoll is lightly wounded.
The gnoll hits you with a +0 club.
You closely miss the gnoll.
The gnoll is lightly wounded.
The gnoll hits you with a +0 club.
You closely miss the gnoll. The gnoll hits you with a +0 flail!
You block the gnoll's attack. The gnoll hits you with a +0 flail!
You are too injured to fight recklessly!
You hit the gnoll.
The gnoll is poisoned.
The gnoll is moderately wounded.
The gnoll hits you with a +0 flail. The gnoll hits you with a +0 club.
The gnoll hits you with a +0 flail.
You are too injured to fight recklessly!
You barely miss the gnoll.
The gnoll is moderately wounded.
The gnoll drinks a potion.
The gnoll flickers and vanishes!
Deactivating autopickup; reactivate with Ctrl-A.
The gnoll hits you but does no damage. You block the gnoll's attack.
You hit something. Something hits you.
* * * LOW HITPOINT WARNING * * *
The gnoll hits you but does no damage. The gnoll hits you with a +0 flail.
* * * LOW HITPOINT WARNING * * *
You closely miss something. Something hits you.
* * * LOW HITPOINT WARNING * * *
You block the gnoll's attack. The gnoll barely misses you.
Reactivating autopickup.
You feel a bit more experienced.
A dart slug comes into view.
Found a scroll labelled VUIFOSIWIA.
The gnoll looks more healthy.
The dart slug closely misses you.
Found a stone staircase leading down.
The dart slug bites you.
You die...

...........###
........#...## #.
>####........# #. #.#
#....###..## #.###..
....#.......#
#####.....##.##.#####....
#......... .. #.# ###..
#........# .# ####.
#.......@# ##.# #....
#......gw# #..# ###....
#........#####.# ##......
#........g.....###..#....
.........####....).###.##
########## ##..#.## ..##
#.##..#..### #..##.....
#..###.....#


You could see 2 gnolls and a dart slug.

Vanquished Creatures
  2 gnolls (D:2)
  2 adders (D:2)
  3 bats
  8 endoplasms
  A giant cockroach (D:1)
  4 goblins
  A hobgoblin (D:1)
  2 quokkas (D:1)
  A ball python (D:1)
  3 frilled lizards (D:1)
  2 kobolds (D:1)
  A rat (D:2)
30 creatures vanquished.

Notes
Turn   | Place    | Note
-------+----------+-------------------------------------------
     0 | D:1      | Ezendos the Ogre Brigand began the quest for the Orb.
     0 | D:1      | Reached XP level 1. HP: 22/22 MP: 1/1
   129 | D:1      | Reached skill level 3 in Fighting
   336 | D:1      | Reached skill level 1 in Polearms
   336 | D:1      | Reached XP level 2. HP: 29/31 MP: 2/2
   762 | D:2      | Reached XP level 3. HP: 30/39 MP: 3/3
   910 | D:2      | Reached skill level 4 in Fighting
  1168 | D:2      | Reached XP level 4. HP: 47/49 MP: 4/4
  1206 | D:2      | HP: 1/49 [something (2)]
  1217 | D:2      | Slain by a dart slug

Illustrated notes

Levels and vault maps discovered:
D:1:      wander_arrival_lonely_grave, layout_basic
D:2:      layout_rooms

Skill      XL: |  1  2  3 |
---------------+----------+-----
Stealth        | 3 |  3.0
Fighting       | 3 4 |  4.9
Polearms       | 1 2 |  2.0
Short Blades   | |  1.7
Throwing       | |  2.0
Dodging        | |  0.8

Action                   |  1- 3 |  4- 6 || total
-------------------------+-------+-------++-------
Melee: Dagger            |    84 |     7 ||    91
 Stab: Sleeping          |     6 |       ||     6
Armor: Robe              |    18 |     2 ||    20
Dodge: Dodged            |    41 |     2 ||    43
Block: Other             |    18 |     3 ||    21

Table legend: (Time is in decaauts)
 A = Elapsed time spent in this place.
 B = Non-inter-level travel time spent in this place.
 C = Inter-level travel time spent in this place.
 D = Time resting spent in this place.
 E = Time spent auto-exploring this place.
 F = Levels seen in this place.
 G = Mean time per level.
                   A        B        C        D        E       F      G
               +--------+--------+--------+--------+--------+-----+--------+
         Total |   1209 |   1150 |     59 |      0 |    840 |   2 |  604.5 |
       Dungeon |   1209 |   1150 |     59 |      0 |    840 |   2 |  604.5 |
               +--------+--------+--------+--------+--------+-----+--------+

Top non-repeatable levels by time:
     D:1: 774 daAuts
     D:2: 435 daAuts
